 Dungeon Crawl Stone Soup version 0.20-a0-517-g5f97612 (webtiles) character file.

41286 HarryHood the Fighter (level 14, -7/138 HPs)
             Began as a Gargoyle Berserker on Jan 24, 2017.
             Was a High Priest of Trog.
             Mangled by an orc warlord
             ... wielding a +2 dire flail of protection
              (10 damage)
             ... while paralysed by an orc sorcerer
             ... on level 2 of the Orcish Mines on Jan 25, 2017.
             The game lasted 01:12:47 (19176 turns).

HarryHood the Fighter (Gargoyle Berserker)         Turns: 19176, Time: 01:12:47

Health: -7/138     AC: 37    Str: 31      XL:     14   Next: 14%
Magic:  12/12      EV:  2    Int: 12 (14) God:    Trog [*****.]
Gold:   962        SH:  0    Dex:  8      Spells: 13/13 levels left

rFire    + + .     SeeInvis +   a - +8 mace "Serin" {flame, Str+3 Int+4 Dex-4}
rCold    x . .     Gourm    .   K - +0 plate armour
rNeg     + . .     Faith    .   A - +1 shield
rPois    ∞         Spirit   .   g - +2 helmet {SInv}
rElec    +         Reflect  .   v - +2 cloak
rCorr    .         Harm     .   h - +2 pair of gloves
MR       +....                  (no boots)
Stlth    ..........             y - amulet of magic regeneration
Regen    0.4/turn               O - ring of protection from fire
                                C - ring of fire

@: paralysed, berserking (expiring), flying, drained
A: big wings, slimy green scales 1, low mp 1, negative energy resistance 1,
electricity resistance, strong 1, unbreathing, petrification resistance, rot
immunity, AC +9
a: Stop Flying, Berserk, Trog's Hand, Brothers in Arms, Burn Spellbooks,
Renounce Religion


You were on level 2 of the Orcish Mines.
You worshipped Trog.
Trog was extremely pleased with you.
You were not hungry.

You visited 4 branches of the dungeon, and saw 21 of its levels.
You visited 1 bazaar.
You also visited: Sewer.

You collected 1405 gold pieces.
You spent 443 gold pieces at shops.

Inventory:

Hand Weapons
 a - the +8 mace "Serin" (weapon) {flame, Str+3 Int+4 Dex-4}
   (You found it on level 5 of the Dungeon)

   It has been specially enchanted to burn those struck by it, causing extra
   injury to most foes and up to half again as much damage against particularly
   susceptible opponents.
   It affects your strength (+3).
   It affects your intelligence (+4).
   It affects your dexterity (-4).
 b - a +4 antimagic demon whip
 l - the +7 mace of Ru's Righteous Anger {holy, rElec rPois Int+2 Dex-5}
   (You found it on level 5 of the Dungeon)

   It has been blessed by the Shining One to cause great damage to the undead
   and demons.
   It affects your intelligence (+2).
   It affects your dexterity (-5).
   It insulates you from electricity.
   It protects you from poison.
Armour
 g - a +2 helmet of see invisible (worn)
 h - a +2 pair of gloves (worn)
 v - a +2 cloak (worn)
 A - a +1 shield (worn)
 K - a +0 plate armour (worn)
Jewellery
 x - an uncursed ring of protection from magic
 y - an amulet of magic regeneration (around neck)
 C - a ring of fire (left hand)
 I - an uncursed ring of protection from cold
 O - a ring of protection from fire (right hand)
Scrolls
 e - a scroll of fear
 i - 2 scrolls of blinking {@r7}
 k - 5 scrolls of recharging
 m - a scroll of fog
 p - 3 scrolls of remove curse {@r2}
 q - 3 scrolls of magic mapping
 z - 6 scrolls of teleportation {@r0}
 D - a scroll of identify {@r1}
Potions
 f - a potion of brilliance
 j - 2 potions of invisibility
 n - 4 potions of curing {@q2}
 o - 2 potions of lignification {!q}
 r - 6 potions of haste
 s - a potion of cancellation
 t - 5 potions of resistance
 u - 2 potions of heal wounds {@q1}
 w - 6 potions of might
 B - a potion of cure mutation
 H - 3 potions of ambrosia
Comestibles
 c - 10 bread rations {@e1}
 d - 12 meat rations {@e1}
 E - 26 fruits {@e2}
 F - 10 royal jellies {=g@e3}


   Skills:
 - Level 12.0(11.7) Fighting
 - Level 12.0(11.6) Maces & Flails
 - Level 12.0(11.6) Armour
 * Level 10.7(10.4) Dodging
 - Level 9.0(8.7) Shields


You had 13 spell levels left.
You didn't know any spells.

Dungeon Overview and Level Annotations

Branches:
Dungeon (12/15)            Temple (1/1) D:7            Lair (6/6) D:11
 Shoals (0/4) Lair:3       Spider (0/4) Lair:2        Slime (0/5) Lair:5
    Orc (2/2) D:9
    Elf: Orc:2

Altars:
Ashenzari
Cheibriados
Fedhas
Gozag
Kikubaaqudgha
Makhleb
Okawaru
Qazlal
Ru
Sif Muna
Trog
Uskayaw
Vehumet

Shops:
D:6 ((   D:12 (

Annotations:
Lair:6 2 runed doors
Orc:2 cerealjynx's ghost, journeyman MiGl


Innate Abilities, Weirdness & Mutations

You are resistant to torment.
Your stone body is resilient. (AC +9)
You are immune to poison.
Your large and strong wings let you fly indefinitely.
You resist negative energy. (rN+)
You are resistant to electric shocks. (rElec)
You can survive without breathing.
You are immune to petrification.
You are immune to rotting.
You are partially covered in slimy green scales. (AC +2)
Your magical capacity is low. (-10% MP)
Your muscles are strong. (Str +2)


Message History

* * * LOW HITPOINT WARNING * * *
The sixfirhy shocks you. You resist.
* * * LOW HITPOINT WARNING * * *
The sixfirhy hits you.
* * * LOW HITPOINT WARNING * * *
The sixfirhy shocks you. You resist.
* * * LOW HITPOINT WARNING * * *
The sixfirhy hits you!
* * * LOW HITPOINT WARNING * * *
The sixfirhy shocks you. You resist.
* * * LOW HITPOINT WARNING * * *
The orc warrior hits you with a scimitar of flaming!
* * * LOW HITPOINT WARNING * * *
The orc sorcerer hits you but does no damage.
The orc warrior hits you but does no damage.
The sixfirhy hits you but does no damage.
The neqoxec gestures at you.
Something tries to feed on your intellect!
The orc warlord hits you with a dire flail of protection!
You die...

..............#
.....$.......##
.......$..(...#
.............#..o.
..#...............
..................
......4o34o......#
......3oWo4......#
###..5o@33O#......
##.#ooo.###.##.#
######## ##


You could see an orc warlord, a soul eater, 2 orc high priests, a sun demon, an
ice devil, a sixfirhy, a neqoxec, an orc sorcerer, 2 red devils, 3 orc warriors,
an ogre, an orc wizard, cerealjynx's ghost and an ufetubus.

Vanquished Creatures
  The ghost of sageleaf the Spear-Bearer, a journeyman MiFi of Okawaru (Orc:2)
  2 rakshasas (D:11)
  6 hydras
  A catoblepas (Lair:3)
  5 two-headed ogres
  A lindwurm (Lair:6)
  2 orc sorcerers
  An ugly thing (D:11)
  A deep elf mage (D:12)
  A cyclops (D:11)
  3 black mambas
  A torpor snail (Lair:3)
  3 molten gargoyles (Lair:6)
  A gargoyle (D:12)
  5 spiny frogs
  6 komodo dragons (Lair:6)
  2 trolls
  A polar bear (Lair:4)
  Grinder (D:3)
  5 slime creatures
  8 dream sheep
  9 hippogriffs
  Sigmund (D:3)
  32 yaks
  3 wyverns (Lair:6)
  A wraith (D:11)
  7 basilisks
  A vampire mosquito (D:12)
  2 steam dragons (Lair:6)
  5 hell hounds (Lair:6)
  An acid dragon (D:11)
  10 water moccasins
  3 porcupines
  A soldier ant (D:11)
  2 black bears
  3 sky beasts
  6 orc warriors
  A phantom (D:9)
  A hornet zombie (D:8)
  4 ice beasts
  5 ogres
  9 wolves
  8 centaurs
  15 crocodiles
  5 big kobolds
  20 bullfrogs
  A gnoll sergeant (D:9)
  A wyvern zombie (D:11)
  A wyvern skeleton (D:9)
  4 scorpions
  14 wights
  An electric eel (Lair:4)
  3 howler monkeys
  6 crimson imps
  5 lava snakes (Lair:6)
  A bullfrog zombie (D:11)
  Crazy Yiuf (D:5)
  3 centaur skeletons
  3 hounds
  8 orc priests
  5 jellies
  2 bullfrog skeletons
  Jessica (D:3)
  5 iguanas
  7 orc wizards
  9 worker ants
  12 gnolls
  2 worker ant zombies
  15 adders
  A river rat (D:4)
  A shadow imp (D:12)
  2 oozes
  An adder zombie (D:9)
  3 adder skeletons
  7 worms
  A dart slug (D:3)
  The ghost of Spectrina the Stinger, a weakling FoVM (D:11)
  5 leopard geckos
  49 orcs
  5 giant cockroaches
  5 goblins
  3 hobgoblins
  11 jackals
  2 quokkas
  4 ball pythons
  6 bats
  7 frilled lizards
  18 kobolds
  11 rats
  A plant (Sewer)
466 creatures vanquished.

Vanquished Creatures (others)
  An orc wizard (D:3)
  7 fungi
  A plant (Lair:5)
9 creatures vanquished.

Grand Total: 475 creatures vanquished

Notes
Turn   | Place    | Note
-------+----------+-------------------------------------------
     0 | D:1      | HarryHood the Gargoyle Berserker began the quest for the Orb.
     0 | D:1      | Reached XP level 1. HP: 14/14 MP: 1/1
   241 | D:1      | Reached XP level 2. HP: 20/20 MP: 2/2
   312 | D:1      | Reached skill level 4 in Fighting
   551 | D:1      | Reached XP level 3. HP: 22/24 MP: 3/3
  1147 | D:2      | Reached skill level 5 in Fighting
  1476 | D:2      | Reached XP level 4. HP: 31/31 MP: 4/4
  1758 | D:3      | Noticed Jessica
  1773 | D:3      | Killed Jessica
  1782 | D:3      | Found an opulent altar of Gozag.
  1797 | D:3      | Reached ** piety under Trog
  1863 | D:3      | Found a deep blue altar of Sif Muna.
  1864 | D:3      | Found an ancient bone altar of Kikubaaqudgha.
  1866 | D:3      | Found an iron altar of Okawaru.
  1867 | D:3      | Found a sacrificial altar of Ru.
  1868 | D:3      | Found a stormy altar of Qazlal.
  2087 | D:3      | Reached skill level 6 in Fighting
  2087 | D:3      | Reached XP level 5. HP: 20/36 MP: 5/5
  2287 | D:3      | Noticed Sigmund
  2301 | D:3      | Killed Sigmund
  2301 | D:3      | Reached skill level 4 in Maces & Flails
  2301 | D:3      | Reached XP level 6. HP: 37/41 MP: 6/6
  2454 | D:3      | Reached skill level 5 in Maces & Flails
  2458 | D:3      | Noticed Grinder
  2464 | D:3      | Paralysed by Grinder for 6 turns
  2493 | D:3      | Found a burning altar of Makhleb.
  2508 | D:3      | Noticed a balrug
  2512 | D:3      | Noticed an orange demon
  2512 | D:3      | Noticed a hellwing
  2877 | D:3      | Paralysed by Grinder for 7 turns
  2891 | D:3      | Killed Grinder
  2891 | D:3      | Reached skill level 6 in Maces & Flails
  2891 | D:3      | Reached XP level 7. HP: 33/46 MP: 7/7
  3136 | D:4      | Reached skill level 3 in Armour
  3239 | D:4      | Reached skill level 4 in Armour
  3291 | D:4      | Found a shattered altar of Ashenzari.
  3395 | D:4      | Found a bloodstained altar of Trog.
  3476 | D:4      | Reached *** piety under Trog
  3490 | D:4      | Found a glowing drain.
  3516 | Sewer    | Entered a sewer
  3524 | Sewer    | Reached skill level 5 in Armour
  4210 | D:4      | Reached XP level 8. HP: 51/51 MP: 8/8
  4214 | D:4      | Found a hide-covered altar of Uskayaw.
  4588 | D:5      | Entered Level 5 of the Dungeon
  4595 | D:5      | Reached **** piety under Trog
  4595 | D:5      | Reached skill level 6 in Armour
  4603 | D:5      | Reached skill level 2 in Dodging
  4696 | D:5      | Found a runed door.
  4700 | D:5      | Got a smoking mace
  4706 | D:5      | Got a shimmering mace
  4713 | D:5      | Got a jewelled mace
  4740 | D:5      | Identified the +8 mace "Serin" {flame, Str+3 Int+4 Dex-4} (You found it on level 5 of the Dungeon)
  4741 | D:5      | Identified the cursed +0 mace of Objectivity {pain, rPois rC+} (You found it on level 5 of the Dungeon)
  4769 | D:5      | Reached skill level 3 in Dodging
  5113 | D:5      | Reached skill level 4 in Dodging
  5528 | D:5      | Noticed Crazy Yiuf
  5534 | D:5      | Killed Crazy Yiuf
  5534 | D:5      | Reached skill level 5 in Dodging
  5581 | D:6      | Found a radiant altar of Vehumet.
  5595 | D:6      | Reached ***** piety under Trog
  5595 | D:6      | Reached XP level 9. HP: 28/55 MP: 9/9
  6063 | D:6      | Identified the +7 mace of Ru's Righteous Anger {holy, rElec rPois Int+2 Dex-5} (You found it on level 5 of the Dungeon)
  6115 | D:6      | Found Joss's Weapon Shop.
  6119 | D:6      | Found Umiotaipti's Antique Weapon Boutique.
  6129 | D:6      | Reached skill level 6 in Dodging
  6545 | D:6      | Found a blossoming altar of Fedhas.
  6839 | D:7      | Reached skill level 1 in Shields
  6899 | D:7      | Reached skill level 2 in Shields
  6938 | D:7      | Reached skill level 3 in Shields
  6997 | D:7      | Found a staircase to the Ecumenical Temple.
  7017 | Temple   | Entered the Ecumenical Temple
  7168 | D:8      | Reached skill level 4 in Shields
  7247 | D:8      | Reached skill level 7 in Fighting
  7531 | D:8      | Reached skill level 8 in Fighting
  7776 | D:9      | Found an opulent altar of Gozag.
  7902 | D:9      | Reached skill level 9 in Fighting
  7942 | D:9      | Reached XP level 10. HP: 49/66 MP: 10/10
  7969 | D:9      | Reached skill level 7 in Maces & Flails
  8357 | D:9      | Reached skill level 8 in Maces & Flails
  8388 | D:9      | Reached skill level 9 in Maces & Flails
  8522 | D:9      | Noticed a three-headed hydra
  8528 | D:9      | Killed a three-headed hydra
  8528 | D:9      | Reached skill level 7 in Armour
  8673 | D:9      | Reached skill level 8 in Armour
  8776 | D:9      | Found a snail-covered altar of Cheibriados.
  8955 | D:9      | Found a staircase to the Orcish Mines.
  9071 | D:10     | Entered Level 10 of the Dungeon
  9130 | D:10     | Found a flagged portal.
  9137 | D:10     | Noticed a two-headed ogre
  9148 | D:10     | Killed a two-headed ogre
  9148 | D:10     | Reached skill level 9 in Armour
  9177 | D:10     | Reached XP level 11. HP: 53/71 MP: 11/11
  9188 | D:10     | Noticed a two-headed ogre
  9210 | D:10     | Killed a two-headed ogre
  9210 | D:10     | Reached skill level 7 in Dodging
  9445 | D:10     | Received a gift from Trog
  9569 | D:10     | Noticed a two-headed ogre
  9580 | D:10     | Killed a two-headed ogre
  9658 | D:11     | Noticed Spectrina's ghost (weakling FoVM)
  9663 | D:11     | Killed Spectrina's ghost
  9672 | D:11     | Reached skill level 8 in Dodging
  9855 | D:11     | You fall through a shaft!
 10019 | D:12     | Found Ofuyl Jyese's Antique Weapon Shop.
 10244 | D:12     | Noticed a two-headed ogre
 10258 | D:12     | Killed a two-headed ogre
 10258 | D:12     | Reached skill level 9 in Dodging
 10446 | D:12     | Reached skill level 5 in Shields
 10470 | D:12     | Reached skill level 6 in Shields
 10639 | D:12     | Noticed a deep elf mage
 10645 | D:12     | Killed a deep elf mage
 10710 | D:12     | Found a flickering gateway to a bazaar.
 10725 | Bazaar   | Entered a bazaar
 10725 | Bazaar   | Found Qysetekupt's Antique Armour Shoppe.
 10725 | Bazaar   | Found Meulez's Armour Shop.
 10878 | Bazaar   | Found Ciurrexzo's Gadget Boutique.
 10881 | Bazaar   | Bought a translucent helmet for 142 gold pieces
 10887 | Bazaar   | Identified the +1 helmet of the Vaults {+Blink rElec Str-3} (You bought it in a shop in a bazaar)
 10894 | Bazaar   | Found Vitreatu's Food Shoppe.
 10903 | Bazaar   | Found Kiumos's Distillery.
 10946 | Bazaar   | Gained mutation: Your muscles are strong. (Str +2) [potion of beneficial mutation]
 10947 | Bazaar   | Gained mutation: You are partially covered in slimy green scales. (AC +2) [potion of beneficial mutation]
 10950 | Bazaar   | Bought a +2 helmet of see invisible for 301 gold pieces
 10972 | D:12     | HP: 7/71 [something (11)]
 11393 | D:11     | Reached skill level 7 in Shields
 11409 | D:11     | Reached XP level 12. HP: 76/76 MP: 12/12
 11424 | D:11     | Noticed a rakshasa
 11434 | D:11     | Noticed a rakshasa
 11435 | D:11     | Killed a rakshasa
 11435 | D:11     | Reached skill level 8 in Shields
 11464 | D:11     | Killed a rakshasa
 11478 | D:11     | Reached skill level 9 in Shields
 11696 | D:11     | Noticed a two-headed ogre
 11709 | D:11     | Killed a two-headed ogre
 11843 | D:11     | Reached skill level 10 in Fighting
 11978 | D:11     | Found a staircase to the Lair.
 12624 | Lair:1   | Entered Level 1 of the Lair of Beasts
 12757 | Lair:1   | Reached skill level 11 in Fighting
 13170 | Lair:1   | Noticed a five-headed hydra
 13177 | Lair:1   | Killed a five-headed hydra
 13417 | Lair:2   | Found a hole to the Spider Nest.
 13549 | Lair:2   | Reached skill level 12 in Fighting
 13809 | Lair:2   | Noticed an eight-headed hydra
 13825 | Lair:2   | Killed an eight-headed hydra
 13825 | Lair:2   | Reached skill level 10 in Maces & Flails
 14735 | Lair:3   | Found a staircase to the Shoals.
 14748 | Lair:3   | Reached XP level 13. HP: 80/86 MP: 13/13
 14900 | Lair:3   | Reached skill level 11 in Maces & Flails
 15712 | Lair:4   | Reached skill level 12 in Maces & Flails
 16044 | Lair:5   | Found a staircase to the Slime Pits.
 16179 | Lair:5   | Reached skill level 10 in Armour
 16501 | Lair:5   | Received a gift from Trog
 16841 | Lair:6   | Entered Level 6 of the Lair of Beasts
 16973 | Lair:6   | Reached skill level 11 in Armour
 17196 | Lair:6   | Noticed a fire dragon
 17343 | Lair:6   | Reached skill level 12 in Armour
 17458 | Lair:6   | Found a large runed door.
 17458 | Lair:6   | Found a large runed door.
 17609 | Lair:6   | Reached skill level 10 in Dodging
 17609 | Lair:6   | Gained mutation: Your large and strong wings let you fly indefinitely. [Gargoyle growth]
 17609 | Lair:6   | Reached XP level 14. HP: 69/92 MP: 14/14
 18554 | Orc:1    | Entered Level 1 of the Orcish Mines
 19004 | Orc:2    | Entered Level 2 of the Orcish Mines
 19010 | Orc:2    | Noticed sageleaf's ghost (journeyman MiFi)
 19022 | Orc:2    | Noticed an orc warlord
 19024 | Orc:2    | Noticed cerealjynx's ghost (journeyman MiGl)
 19025 | Orc:2    | Killed sageleaf's ghost
 19166 | Orc:2    | Gained mutation: Your magical capacity is low. (-10% MP) [a neqoxec]
 19170 | Orc:2    | Paralysed by an orc sorcerer for 6 turns
 19176 | Orc:2    | HP: 3/138 [orc warrior/scimitar of flaming (16)]
 19176 | Orc:2    | Mangled by an orc warlord

Vault maps used:
D:1:      dpeg_arrival_shelter
D:3:      minitemple, first_bread, makhleb_altar_promises_db, uniq_jessica,
          uniq_grinder, uniq_sigmund
D:4:      lemuel_round_altar, lemuel_crystal_altar, ashenzari_altar_1,
          portal_sewer_entry_e
D:5:      roderic_bipointed_swastika, uniq_crazy_yiuf_cottage
D:6:      old_standard_altar, old_standard_altar, serial_shops, shop,
          nicolae_shop_stone
D:7:      minmay_temple_entry_statues_fountains
D:8:      serial_aquarium, aquarium_bridge_square, aquarium_window_corner,
          aquarium_window_fake, aquarium_view_2b, aquarium_balcony_double_1
D:9:      cheibrodos_worm_habitat, orc_0_dummy, hangedman_ranch,
          grunt_gozag_statues
D:10:     enter_bailey_2
D:11:     minmay_bloctagon, lair_entry_dummy, lightli_orcish_oven
D:12:     serial_shops, freezing_bzr, kennysheep_small_circle
Temple:   nicolae_temple_figure_zero
Lair:1:   grunt_megastairs_4
Lair:2:   spider_nest_entry_web_field, serial_bayou_shore_a,
          serial_bayou_shore_b, infiniplex_staircase_pool_2
Lair:3:   shoals_dummy_entry, minivault_25
Lair:4:   serial_bayou_lagoon_a, grunt_megastairs_3, infiniplex_staircase_pool
Lair:5:   minmay_slime_entry_pillars
Lair:6:   cheibrodos_lair_end_hotspot
Orc:2:    grunt_orc_gardens, grunt_orc_garden, grunt_orc_garden,
          grunt_orc_garden, grunt_orc_garden, uniq_azrael, uniq_saint_roka
Bazaar:   bazaar_kb_twisted_cavern
Sewer:    sewer_co_scattered_pipes

Skill      XL: |  1  2  3  4  5  6  7  8  9 10 11 12 13 |
---------------+----------------------------------------+-----
Fighting       | 4 5 6 9 12 | 12.0
Maces & Flails | 4 6 9 10 12 | 12.0
Armour         | 5 6 9 12 | 12.0
Dodging        | 5 6 9 10 | 10.7
Shields        | 4 7 9 |  9.0

Action                   |  1- 3 |  4- 6 |  7- 9 | 10-12 | 13-15 || total
-------------------------+-------+-------+-------+-------+-------++-------
Melee: Mace              |   116 |   123 |   358 |   697 |   523 ||  1817
       Flail             |       |       |   220 |       |       ||   220
Invok: Berserk           |       |     3 |     2 |     8 |     4 ||    17
       Burn Spellbooks   |       |       |     3 |     3 |     2 ||     8
       Trog's Hand       |       |       |       |       |     1 ||     1
 Abil: Fly               |       |       |       |       |     1 ||     1
  Use: Scroll            |     5 |     3 |    12 |    12 |     7 ||    39
       Potion            |       |       |       |     4 |       ||     4
  Eat: Chunk             |     2 |     4 |    14 |    29 |    17 ||    66
       Bread ration      |       |     1 |     1 |       |       ||     2
       Fruit             |       |       |       |     1 |       ||     1
       Royal jelly       |       |       |       |       |     1 ||     1
Armor: Ring mail         |    38 |       |       |       |       ||    38
       Chain mail        |    28 |    70 |   337 |   370 |       ||   805
       Plate armour      |       |       |       |    11 |   324 ||   335
Dodge: Dodged            |    54 |    43 |   261 |   264 |   161 ||   783
Block: Buckler           |       |       |    13 |    13 |       ||    26
       Shield            |       |       |       |   330 |   316 ||   646
